Map: Para Site LE

Players

HellraiseR

  • Race: Protoss Protoss
  • League: Master
  • Spawn Location: 11:00

Serral - Winner!

  • Race: Zerg Zerg
  • League: Master
  • Spawn Location: 5:00

Event: HomeStory Cup XVIII

VOD

Have the link to the VOD?

Description

Time

  • Played on: Nov. 23, 2018, 10:34 a.m.
  • Length: 6:19

All games in this series

Show
View Real Time Build Order
Export as new Build Order

HellraiseR Protoss 

Build Orders:  

Get SALT Encoding   

  12  0:00  Probe  
  13  0:12  Probe  
  14  0:17  Pylon  
  14  0:21  Probe  
  15  0:31  Probe  
  15  0:37  Forge  
  15  0:42  Probe  
  17  0:56  Pylon  
  17  1:03  Probe  
  18  1:05  Pylon  
  18  1:06  Pylon  
  18  1:15  Photon Cannon  
  18  1:16  Gateway  
  18  1:18  Probe  
  19  1:24  Assimilator  
  19  1:30  Probe  
  19  1:31  Assimilator  
  20  1:42  Probe  
  20  1:46  Photon Cannon  
  21  1:55  Probe  
  22  2:05  Cybernetics Core  
  22  2:09  Photon Cannon  
  22  2:14  Pylon  
  22  2:31  Stalker  
  22  2:33  Photon Cannon  
  22  2:37  Photon Cannon  
  24  2:54  Robotics Facility  
  24  2:55  Stalker  
  26  3:09  Shield Battery  
  26  3:23  Shield Battery, Stalker  
  27  3:36  Immortal  
  27  3:40  Shield Battery  
  31  3:50  Shield Battery  
  31  4:01  Shield Battery  
  31  4:06  Immortal  
  31  4:14  Shield Battery  
  35  4:36  Shield Battery, Robotics Facility  
  35  4:44  Warp Prism  
  32  5:06  Probe  
  33  5:18  Probe  
  36  5:30  Probe  
  37  5:59  Pylon  
  37  6:10  Pylon  
Show
View Real Time Build Order
Export as new Build Order

Serral Zerg - Winner!

Build Orders: Pool First, Ravager All-In 

Get SALT Encoding   

  12  0:00  Drone  
  13  0:12  Overlord  
  13  0:17  Drone  
  14  0:30  Drone  
  14  0:31  Drone  
  14  0:34  Drone  
  17  0:44  Extractor  
  17  0:45  Drone  
  17  0:49  Spawning Pool  
  16  0:55  Drone  
  17  1:06  Drone  
  18  1:17  Drone  
  19  1:27  Drone  
  20  1:36  Roach Warren  
  20  1:39  Drone  
  20  1:45  Hatchery  
  19  1:52  Overlord  
  19  1:56  Extractor  
  19  1:59  Queen  
  20  2:16  Roach x2  
  20  2:21  Roach  
  26  2:33  Overlord  
  26  2:34  Queen  
  26  2:36  Ravager  
  29  2:37  Ravager  
  30  2:52  Ravager, Roach  
  30  2:55  Roach  
  35  3:00  Roach  
  37  3:10  Roach  
  39  3:22  Ravager  
  39  3:23  Queen  
  42  3:28  Roach  
  42  3:31  Overlord  
  44  3:52  Roach x2  
  44  3:54  Ravager  
  51  3:55  Roach  
  51  4:13  Ravager  
  52  4:21  Queen  
  39  4:32  Roach x3  
  39  4:36  Zergling x2  
  46  4:53  Overlord  
  46  4:58  Ravager  
  46  5:03  Queen  
  46  5:12  Roach  
  46  5:13  Roach  
  50  5:16  Ravager x2  
  49  5:32  Roach x2  
  53  5:47  Roach x2  
  45  6:07  Ravager x2  
Tags
 
Add a new tag
Caveats
  • Supply blocks, unpowered buildings, or Contaminate may cause inaccurate times.
  • Supply counts are checked every 10 seconds.